General information
- name: BNet
- type: Ladder team game (AT/RT)
- host: Battle.net
- saver: fineX
map: UpperKingdom
- players: 6
- length: 68:33
- speed: Fast
- version: 1.24 W3XP
- replay type: Public
» download(412 KB)
Players
team 1 (loser)
CrYpT.InS.aNe (
red | 83 APM | 5660 actions | 68:31)
9 Death Knight
3 Death Coil
3 Unholy Aura
1 Animate Dead
2 Death Pact
8 Dark Ranger
3 Silence
3 Life Drain
1 Charm
1 Black Arrow
5 Lich
3 Frost Nova
1 Frost Armor
1 Death and Decay
» actions
| Assign group hotkey | 32 | |
| Basic commands | 416 | |
| Build / train | 127 | |
| ESC pressed | 4 | |
| Enter build submenu | 78 | |
| Enter hero's abilities submenu | 23 | |
| Give item / drop item | 5 | |
| Remove unit from queue | 1 | |
| Right click | 1902 | |
| Select / deselect | 1246 | |
| Select group hotkey | 1436 | |
| Use ability | 390 | |
5660 total
» units
| Acolyte | 24 | |
| Ghoul | 3 | |
| Crypt Fiend | 9 | |
| Frost Wyrm | 5 | |
| Wisp | 10 | |
| Glaive Thrower | 6 | |
57 total
» upgrades
| Creature Attack | 3 | |
| Web | 1 | |
| Creature Carapace | 2 | |
| Strength of the Moon | 2 | |
| Vorpal Blades | 1 | |
9 total
» buildings
| Crypt | 1 | |
| Graveyard | 3 | |
| Ziggurat | 53 | |
| Altar of Darkness | 3 | |
| Tomb of Relics | 1 | |
| Nerubian Tower | 1 | |
| Halls of the Dead | 6 | |
| Black Citadel | 2 | |
| Sacrificial Pit | 1 | |
| Boneyard | 3 | |
| Spirit Tower | 18 | |
| Necropolis | 4 | |
| War Mill | 1 | |
| Great Hall | 1 | |
| Watch Tower | 1 | |
99 total
» build order
00:05 Crypt
00:09 Graveyard
00:14 Ziggurat
00:35 Altar of Darkness
00:58 Ziggurat
01:25 Tomb of Relics
02:44 Nerubian Tower
03:04 Ziggurat
04:03 Halls of the Dead
04:04 Halls of the Dead
04:04 Halls of the Dead
04:04 Halls of the Dead
05:50 Ziggurat
05:51 Ziggurat
05:52 Ziggurat
05:52 Ziggurat
06:25 Black Citadel
07:02 Sacrificial Pit
09:03 Boneyard
09:05 Boneyard
09:07 Boneyard
12:33 Ziggurat
12:33 Ziggurat
13:08 Spirit Tower
22:19 Ziggurat
22:20 Ziggurat
22:22 Ziggurat
23:17 Spirit Tower
23:29 Spirit Tower
23:42 Spirit Tower
24:19 Ziggurat
24:21 Ziggurat
25:13 Spirit Tower
25:44 Ziggurat
25:47 Ziggurat
27:19 Ziggurat
27:21 Ziggurat
27:22 Ziggurat
27:26 Ziggurat
27:27 Ziggurat
27:34 Spirit Tower
28:54 Spirit Tower
29:13 Spirit Tower
37:00 Graveyard
37:02 Ziggurat
37:04 Ziggurat
37:05 Ziggurat
37:06 Ziggurat
37:08 Ziggurat
38:24 Spirit Tower
40:58 Ziggurat
40:59 Ziggurat
42:04 Spirit Tower
42:36 Necropolis
42:41 Ziggurat
42:42 Ziggurat
42:44 Ziggurat
44:18 Spirit Tower
44:21 Halls of the Dead
45:47 Necropolis
45:49 Ziggurat
45:49 Ziggurat
45:50 Ziggurat
46:52 Graveyard
47:36 Ziggurat
48:37 Spirit Tower
48:43 Ziggurat
48:44 Ziggurat
50:24 Necropolis
50:28 Necropolis
55:27 Ziggurat
55:28 Ziggurat
55:45 Spirit Tower
55:46 Spirit Tower
56:22 Spirit Tower
57:17 Ziggurat
57:20 Ziggurat
57:22 Ziggurat
57:24 Ziggurat
57:25 Ziggurat
57:28 Ziggurat
58:31 Spirit Tower
59:25 Ziggurat
59:27 Ziggurat
59:27 Ziggurat
59:30 Ziggurat
59:39 Halls of the Dead
60:57 Spirit Tower
61:59 Ziggurat
62:00 Ziggurat
62:01 Ziggurat
62:04 Ziggurat
63:28 Spirit Tower
64:30 Altar of Darkness
65:46 War Mill
66:41 Black Citadel
67:47 Great Hall
67:51 Watch Tower
68:05 Altar of Darkness
» items
| Rod of Necromancy | 2 | |
| Scroll of Healing | 1 | |
| Orb of Corruption | 1 | |
| Scroll of Town Portal | 1 | |
| Sacrificial Skull | 2 | |
7 total
Funkster49 (
yellow | 56 APM | 3807 actions | 68:17)
7 Priestess of the Moon
2 Scout
3 Trueshot Aura
1 Starfall
1 Searing Arrows
5 Keeper of the Grove
2 Thorns Aura
2 Entangling Roots
1 Tranquility
» actions
| Assign group hotkey | 166 | |
| Basic commands | 459 | |
| Build / train | 200 | |
| ESC pressed | 9 | |
| Enter build submenu | 74 | |
| Enter hero's abilities submenu | 13 | |
| Remove unit from queue | 1 | |
| Right click | 1134 | |
| Select / deselect | 776 | |
| Select group hotkey | 724 | |
| Use ability | 251 | |
3807 total
» units
| Wisp | 100 | |
| Huntress | 5 | |
| Druid of the Claw | 9 | |
| Archer | 13 | |
127 total
» upgrades
| Strength of the Wild | 4 | |
| Reinforced Hides | 3 | |
| Druid of the Claw Training | 2 | |
| Strength of the Moon | 3 | |
| Moon Armor | 3 | |
| Improved Bows | 1 | |
| Ultravision | 1 | |
| Marksmanship | 1 | |
| Nature's Blessing | 2 | |
| Well Spring | 1 | |
| Mark of the Claw | 1 | |
22 total
» buildings
| Altar of Elders | 1 | |
| Moon Well | 13 | |
| Hunter's Hall | 2 | |
| Ancient of War | 2 | |
| Tree of Ages | 7 | |
| Tree of Life | 16 | |
| Ancient of Lore | 3 | |
| Ancient of Wonders | 1 | |
| Tree of Eternity | 6 | |
| Ancient Protector | 28 | |
79 total
» build order
00:02 Altar of Elders
00:04 Moon Well
01:33 Hunter's Hall
01:51 Moon Well
02:14 Ancient of War
02:51 Ancient of War
03:58 Moon Well
04:59 Moon Well
05:38 Tree of Ages
07:01 Tree of Ages
07:01 Tree of Ages
07:01 Tree of Ages
07:22 Tree of Life
09:09 Tree of Life
09:45 Ancient of Lore
10:13 Ancient of Lore
10:35 Ancient of Wonders
10:38 Ancient of Lore
11:20 Tree of Eternity
11:20 Tree of Eternity
11:28 Tree of Ages
12:04 Moon Well
12:10 Moon Well
12:14 Moon Well
12:28 Tree of Life
14:02 Moon Well
16:44 Moon Well
17:10 Tree of Life
17:39 Tree of Eternity
17:39 Tree of Eternity
17:44 Moon Well
19:53 Tree of Life
25:22 Moon Well
25:25 Moon Well
25:29 Moon Well
27:03 Ancient Protector
27:04 Ancient Protector
27:06 Ancient Protector
28:03 Tree of Life
28:05 Ancient Protector
28:05 Ancient Protector
28:06 Ancient Protector
28:35 Ancient Protector
28:37 Ancient Protector
28:38 Ancient Protector
29:33 Ancient Protector
29:37 Ancient Protector
30:15 Ancient Protector
31:35 Tree of Life
31:37 Ancient Protector
32:23 Tree of Life
32:38 Ancient Protector
32:40 Ancient Protector
32:41 Ancient Protector
32:49 Ancient Protector
32:51 Ancient Protector
36:30 Tree of Life
42:28 Ancient Protector
42:48 Tree of Life
42:57 Ancient Protector
43:13 Ancient Protector
43:14 Ancient Protector
43:15 Ancient Protector
44:03 Tree of Life
44:15 Ancient Protector
44:34 Tree of Life
44:54 Tree of Life
46:58 Hunter's Hall
48:07 Tree of Life
48:27 Ancient Protector
48:43 Ancient Protector
48:57 Ancient Protector
49:04 Ancient Protector
51:34 Tree of Life
58:07 Tree of Life
» items
RiNDiN (
green | 48 APM | 237 actions | 04:53)
1 Keeper of the Grove
1 Entangling Roots
» actions
| Assign group hotkey | 2 | |
| Build / train | 18 | |
| ESC pressed | 1 | |
| Enter build submenu | 6 | |
| Enter hero's abilities submenu | 1 | |
| Right click | 104 | |
| Select / deselect | 57 | |
| Select group hotkey | 33 | |
| Use ability | 15 | |
237 total
» units
» buildings
| Altar of Elders | 1 | |
| Moon Well | 2 | |
| Hunter's Hall | 1 | |
| Ancient of War | 2 | |
6 total
» build order
00:12 Altar of Elders
00:13 Moon Well
01:35 Hunter's Hall
01:56 Ancient of War
02:05 Moon Well
02:25 Ancient of War
team 2 (winner)
erz (
teal | 105 APM | 7201 actions | 68:32)
5 Archmage
3 Blizzard
2 Brilliance Aura
5 Mountain King
3 Storm Bolt
2 Bash
4 Paladin
2 Holy Light
2 Divine Shield
» actions
| Assign group hotkey | 2247 | |
| Basic commands | 181 | |
| Build / train | 188 | |
| ESC pressed | 3 | |
| Enter build submenu | 80 | |
| Enter hero's abilities submenu | 15 | |
| Give item / drop item | 8 | |
| Right click | 2009 | |
| Select / deselect | 845 | |
| Select group hotkey | 1224 | |
| Use ability | 401 | |
7201 total
» units
| Peasant | 14 | |
| Sorceress | 1 | |
| Flying Machine | 13 | |
| Priest | 2 | |
| Siege Engine | 15 | |
| Gryphon Rider | 5 | |
50 total
» upgrades
| Masonry | 3 | |
| Gunpowder | 3 | |
| Lumber Harvesting | 2 | |
| Magic Sentry | 1 | |
| Sorceress Training | 2 | |
| Flak Cannons | 1 | |
| Plating | 3 | |
| Priest Training | 2 | |
| Fragmentation Shards | 1 | |
| Flare | 1 | |
| Flying Machine Bombs | 1 | |
| Storm Hammers | 1 | |
| Cloud | 1 | |
| Swords | 3 | |
| Armor | 2 | |
| Animal War Training | 1 | |
28 total
» buildings
| Altar of Kings | 3 | |
| Lumber Mill | 1 | |
| Farm | 17 | |
| Scout Tower | 114 | |
| Guard Tower | 31 | |
| Arcane Tower | 6 | |
| Keep | 3 | |
| Blacksmith | 1 | |
| Arcane Vault | 1 | |
| Castle | 5 | |
| Workshop | 5 | |
| Arcane Sanctum | 1 | |
| Town Hall | 1 | |
| Barracks | 2 | |
| Cannon Tower | 2 | |
| Gryphon Aviary | 3 | |
196 total
» build order
00:10 Altar of Kings
00:21 Lumber Mill
00:36 Farm
01:28 Scout Tower
01:29 Scout Tower
01:43 Farm
01:44 Farm
01:54 Guard Tower
01:54 Guard Tower
02:08 Scout Tower
02:20 Arcane Tower
02:20 Arcane Tower
02:34 Scout Tower
02:35 Scout Tower
02:37 Guard Tower
03:21 Guard Tower
03:38 Guard Tower
03:54 Keep
03:54 Keep
03:54 Keep
03:59 Blacksmith
04:13 Scout Tower
04:15 Scout Tower
04:16 Scout Tower
04:17 Scout Tower
04:18 Scout Tower
04:47 Scout Tower
04:48 Scout Tower
04:49 Scout Tower
04:52 Scout Tower
04:53 Scout Tower
04:53 Scout Tower
04:54 Scout Tower
04:55 Scout Tower
05:48 Farm
05:48 Farm
05:54 Arcane Vault
06:05 Guard Tower
06:11 Arcane Tower
06:49 Castle
06:49 Castle
06:49 Castle
06:49 Castle
07:54 Workshop
07:54 Workshop
07:58 Workshop
08:02 Arcane Sanctum
08:49 Guard Tower
11:27 Scout Tower
11:27 Scout Tower
11:27 Scout Tower
11:28 Scout Tower
11:28 Scout Tower
11:30 Scout Tower
11:31 Scout Tower
11:31 Scout Tower
11:31 Scout Tower
11:31 Scout Tower
11:59 Guard Tower
12:23 Guard Tower
12:26 Scout Tower
12:27 Scout Tower
12:27 Scout Tower
12:28 Scout Tower
12:29 Scout Tower
12:29 Scout Tower
12:30 Scout Tower
12:30 Scout Tower
13:02 Guard Tower
13:19 Arcane Tower
13:33 Guard Tower
13:37 Guard Tower
13:37 Guard Tower
13:38 Guard Tower
13:38 Guard Tower
14:26 Town Hall
15:31 Workshop
15:38 Workshop
15:45 Farm
15:46 Farm
15:46 Farm
15:46 Farm
15:47 Farm
15:47 Farm
15:47 Farm
15:47 Farm
18:04 Scout Tower
18:04 Scout Tower
18:05 Barracks
18:06 Scout Tower
18:07 Scout Tower
18:07 Scout Tower
18:07 Scout Tower
18:07 Scout Tower
18:08 Scout Tower
18:08 Scout Tower
18:08 Scout Tower
18:09 Scout Tower
18:09 Scout Tower
18:09 Scout Tower
18:09 Scout Tower
18:10 Scout Tower
19:49 Guard Tower
20:02 Scout Tower
20:02 Scout Tower
20:02 Scout Tower
20:03 Scout Tower
20:03 Scout Tower
20:03 Scout Tower
20:03 Scout Tower
20:04 Scout Tower
20:05 Guard Tower
20:47 Guard Tower
21:02 Cannon Tower
21:04 Arcane Tower
21:16 Guard Tower
21:49 Guard Tower
21:59 Scout Tower
22:00 Scout Tower
22:00 Scout Tower
22:00 Scout Tower
22:43 Cannon Tower
22:44 Guard Tower
28:15 Scout Tower
28:15 Scout Tower
28:15 Scout Tower
28:15 Scout Tower
28:16 Scout Tower
28:16 Scout Tower
28:17 Scout Tower
28:17 Scout Tower
28:17 Scout Tower
28:17 Scout Tower
28:18 Scout Tower
29:20 Guard Tower
29:31 Gryphon Aviary
29:32 Gryphon Aviary
29:34 Gryphon Aviary
30:41 Guard Tower
30:43 Scout Tower
30:43 Scout Tower
30:43 Scout Tower
30:44 Scout Tower
30:44 Scout Tower
30:44 Scout Tower
31:29 Guard Tower
31:36 Scout Tower
31:37 Scout Tower
31:38 Scout Tower
31:38 Scout Tower
32:15 Arcane Tower
32:16 Guard Tower
37:18 Scout Tower
37:18 Scout Tower
37:19 Scout Tower
37:20 Scout Tower
37:20 Scout Tower
37:20 Scout Tower
37:23 Scout Tower
37:23 Scout Tower
37:23 Scout Tower
37:23 Scout Tower
38:39 Guard Tower
38:54 Guard Tower
38:54 Scout Tower
38:55 Scout Tower
38:55 Scout Tower
38:55 Scout Tower
38:56 Scout Tower
38:56 Scout Tower
39:47 Guard Tower
40:59 Guard Tower
42:09 Guard Tower
48:11 Farm
48:12 Farm
50:27 Altar of Kings
50:28 Altar of Kings
67:05 Barracks
» items
| Scroll of Regeneration | 2 | |
| Healing Salve | 3 | |
| Staff of Sanctuary | 3 | |
| Lesser Clarity Potion | 1 | |
| Orb of Lightning | 2 | |
| Potion of Healing | 18 | |
| Scroll of Town Portal | 4 | |
33 total
fineX (
blue | 97 APM | 6641 actions | 68:33)
5 Blademaster
3 Wind Walk
2 Critical Strike
4 Shadow Hunter
2 Hex
2 Healing Wave
» actions
| Assign group hotkey | 1653 | |
| Basic commands | 10 | |
| Build / train | 92 | |
| Enter build submenu | 111 | |
| Enter hero's abilities submenu | 9 | |
| Give item / drop item | 4 | |
| Right click | 2914 | |
| Select / deselect | 551 | |
| Select group hotkey | 943 | |
| Use ability | 354 | |
6641 total
» units
| Peon | 19 | |
| Troll Batrider | 19 | |
| Shaman | 2 | |
| Troll Witch Doctor | 3 | |
43 total
» upgrades
| Ranged Weapons | 3 | |
| Reinforced Defenses | 1 | |
| Liquid Fire | 1 | |
| Armor | 3 | |
| Spiked Barricades | 2 | |
| Shaman Training | 2 | |
| Witch Doctor Training | 2 | |
14 total
» buildings
| Altar of Storms | 1 | |
| Orc Burrow | 4 | |
| War Mill | 2 | |
| Watch Tower | 89 | |
| Stronghold | 1 | |
| Voodoo Lounge | 1 | |
| Beastiary | 2 | |
| Fortress | 1 | |
| Great Hall | 5 | |
| Spirit Lodge | 2 | |
108 total
» build order
00:03 Altar of Storms
00:04 Orc Burrow
00:36 War Mill
01:48 Watch Tower
02:08 Watch Tower
02:55 Watch Tower
03:23 Watch Tower
03:57 Stronghold
04:01 Watch Tower
04:03 Watch Tower
04:16 Watch Tower
05:11 Watch Tower
05:12 Watch Tower
05:31 Watch Tower
05:37 Voodoo Lounge
06:21 Beastiary
06:22 Beastiary
06:38 Watch Tower
06:47 Orc Burrow
07:36 Fortress
07:53 Watch Tower
08:35 Orc Burrow
08:59 Watch Tower
09:45 Orc Burrow
10:10 Watch Tower
11:50 Watch Tower
20:22 Great Hall
23:59 Watch Tower
28:19 Watch Tower
28:21 Watch Tower
28:23 Watch Tower
28:24 Watch Tower
30:15 Watch Tower
30:16 Watch Tower
30:17 Watch Tower
30:26 Watch Tower
31:20 Great Hall
31:22 Watch Tower
31:25 Watch Tower
31:29 Watch Tower
32:27 Watch Tower
32:31 Watch Tower
32:33 Watch Tower
32:36 Watch Tower
33:32 Watch Tower
33:53 Watch Tower
33:55 Watch Tower
33:59 Watch Tower
34:49 Watch Tower
35:05 Watch Tower
35:06 Watch Tower
35:58 Watch Tower
36:11 Watch Tower
36:12 Watch Tower
37:17 Watch Tower
37:20 Watch Tower
37:21 Watch Tower
39:45 Watch Tower
39:46 Watch Tower
39:48 Watch Tower
40:30 Spirit Lodge
42:04 Spirit Lodge
42:22 Great Hall
42:31 Watch Tower
42:32 Watch Tower
43:27 War Mill
52:14 Watch Tower
52:15 Watch Tower
52:16 Watch Tower
52:17 Watch Tower
52:18 Watch Tower
52:18 Watch Tower
54:11 Watch Tower
54:12 Watch Tower
54:13 Watch Tower
54:15 Watch Tower
54:17 Watch Tower
55:14 Watch Tower
55:15 Watch Tower
55:16 Watch Tower
55:17 Watch Tower
55:20 Watch Tower
55:21 Watch Tower
55:26 Great Hall
56:38 Watch Tower
56:40 Watch Tower
56:41 Watch Tower
56:44 Watch Tower
57:48 Watch Tower
57:49 Watch Tower
57:51 Watch Tower
57:55 Watch Tower
66:10 Watch Tower
66:11 Watch Tower
66:12 Watch Tower
66:14 Watch Tower
66:15 Watch Tower
67:19 Watch Tower
67:21 Watch Tower
67:22 Watch Tower
67:24 Watch Tower
67:24 Watch Tower
67:30 Watch Tower
67:51 Watch Tower
67:53 Watch Tower
68:25 Watch Tower
68:26 Watch Tower
68:30 Great Hall
» items
| Orb of Lightning | 3 | |
| Healing Salve | 3 | |
| Lesser Clarity Potion | 3 | |
| Potion of Mana | 5 | |
| Potion of Healing | 4 | |
| Scroll of Speed | 1 | |
| Staff of Sanctuary | 2 | |
| Scroll of Town Portal | 1 | |
22 total
nonent (
purple | 84 APM | 5735 actions | 68:32)
10 Blademaster
3 Wind Walk
3 Critical Strike
1 Bladestorm
3 Mirror Image
» actions
| Assign group hotkey | 39 | |
| Basic commands | 15 | |
| Build / train | 114 | |
| Enter build submenu | 44 | |
| Enter hero's abilities submenu | 10 | |
| Give item / drop item | 4 | |
| Remove unit from queue | 2 | |
| Right click | 2308 | |
| Select / deselect | 381 | |
| Select group hotkey | 2535 | |
| Use ability | 283 | |
5735 total
» units
» upgrades
| Liquid Fire | 1 | |
| Ranged Weapons | 3 | |
| Armor | 4 | |
| Reinforced Defenses | 1 | |
9 total
» buildings
| Altar of Storms | 1 | |
| Orc Burrow | 4 | |
| War Mill | 1 | |
| Watch Tower | 67 | |
| Voodoo Lounge | 1 | |
| Stronghold | 1 | |
| Beastiary | 3 | |
| Fortress | 1 | |
| Great Hall | 2 | |
81 total
» build order
00:19 Altar of Storms
00:27 Orc Burrow
00:51 War Mill
02:03 Watch Tower
02:07 Watch Tower
02:15 Orc Burrow
02:36 Watch Tower
03:20 Voodoo Lounge
03:25 Watch Tower
03:30 Watch Tower
04:25 Stronghold
04:33 Watch Tower
04:33 Watch Tower
04:34 Watch Tower
04:53 Watch Tower
05:34 Orc Burrow
05:40 Watch Tower
06:03 Watch Tower
06:57 Beastiary
06:59 Beastiary
07:10 Beastiary
07:50 Fortress
10:33 Orc Burrow
15:42 Great Hall
15:48 Watch Tower
15:49 Watch Tower
15:50 Watch Tower
15:52 Watch Tower
15:53 Watch Tower
15:54 Watch Tower
15:55 Watch Tower
15:56 Watch Tower
15:57 Watch Tower
15:58 Watch Tower
18:30 Watch Tower
18:34 Watch Tower
18:38 Watch Tower
18:44 Watch Tower
18:45 Watch Tower
18:46 Watch Tower
19:40 Watch Tower
19:42 Watch Tower
19:43 Watch Tower
20:24 Watch Tower
20:26 Watch Tower
20:46 Watch Tower
20:47 Watch Tower
25:46 Great Hall
25:51 Watch Tower
25:51 Watch Tower
25:52 Watch Tower
25:54 Watch Tower
25:56 Watch Tower
25:57 Watch Tower
25:59 Watch Tower
26:00 Watch Tower
26:59 Watch Tower
26:59 Watch Tower
27:00 Watch Tower
27:27 Watch Tower
28:36 Watch Tower
28:37 Watch Tower
28:38 Watch Tower
28:39 Watch Tower
28:41 Watch Tower
28:42 Watch Tower
28:43 Watch Tower
28:44 Watch Tower
28:45 Watch Tower
28:45 Watch Tower
31:50 Watch Tower
45:39 Watch Tower
45:40 Watch Tower
45:41 Watch Tower
45:43 Watch Tower
45:44 Watch Tower
45:45 Watch Tower
45:46 Watch Tower
45:47 Watch Tower
45:48 Watch Tower
» items
| Lesser Clarity Potion | 22 | |
| Healing Salve | 7 | |
| Scroll of Town Portal | 11 | |
| Orb of Lightning | 1 | |
| Potion of Healing | 7 | |
48 total
Chat log
(00:08 / All) nonent: wyrm feed good strat
(00:16 / All) RiNDiN: proto good strat
(00:17 / All) Funkster49: proto with bm is a good strat.
(00:21 / Allies) nonent: haha
(00:28 / All) CrYpT.InS.aNe: we frost feed
(00:31 / All) CrYpT.InS.aNe: So masss dem bats
(00:42 / All) erz: feed on my worm faggots!!!!!
(00:46 / All) fineX: lmao
(00:49 / All) RiNDiN: good one.
(00:56 / All) CrYpT.InS.aNe: nothign there..
(00:59 / All) fineX: rin "ROLLS WITH THE PUNCHES" din
(01:06 / All) CrYpT.InS.aNe: im sure its comparable to a worm though
(01:14 / All) fineX: earthworms can reach 6 feet
(01:14 / All) RiNDiN: fine "IHAVEGAYFUCKINGJOKES" x
(01:16 / All) fineX: just fyi
(01:18 / All) erz: its a frost worm
(01:22 / All) erz: a popsicle if u will
(01:26 / Allies) nonent: we might lose fyi
(01:31 / Allies) fineX: ya
(01:33 / Allies) nonent: as sad as that is
(01:33 / Allies) fineX: prolly
(01:33 / Allies) erz: what else is new!
(01:34 / Allies) fineX: who care
(01:40 / Allies) nonent: ya
(01:54 / All) CrYpT.InS.aNe: MASS DEM TOWERS
(01:58 / All) CrYpT.InS.aNe: YUMMY FOR FROST
(01:58 / All) Funkster49: HARDER
(01:59 / All) fineX: ok
(02:14 / All) CrYpT.InS.aNe: U know worms are always soft too right?
(02:19 / All) fineX: wrong
(02:23 / All) CrYpT.InS.aNe: UR WRONG
(02:26 / All) fineX: fuck did u not pass biology 101
(02:31 / All) CrYpT.InS.aNe: no i didnt
(02:33 / All) CrYpT.InS.aNe: i got high
(02:36 / All) fineX: didnt expect u 2
(02:37 / All) CrYpT.InS.aNe: and had friends
(02:49 / All) fineX: yeah because passing classes and having friends are mutually exclusive
(02:55 / All) CrYpT.InS.aNe: pretty much
(03:02 / All) erz: its cool to be dumb!
(03:12 / All) fineX: stop running
(03:13 / All) fineX: dont fight it
(03:15 / Allies) nonent: im out
(03:19 / All) CrYpT.InS.aNe: never met a cool smart person
(03:33 / All) fineX: with the way american education systems are run
(03:39 / All) fineX: i dont think u had any smart ppl in ur enitre school
(03:41 / All) CrYpT.InS.aNe: im canadian u fag
(03:41 / All) fineX: (including u)
(03:46 / All) fineX: same difference..
(04:23 / Allies) erz: going gyros btw..
(04:26 / Allies) erz: if they go air
(04:26 / Allies) nonent: k
(04:27 / Allies) fineX: ok
(04:37 / Allies) erz: he have fiend?
(04:39 / Allies) fineX: yes
(04:39 / Allies) nonent: ya
(04:56 / All) fineX: lmao
(05:01 / All) nonent: gg kikes
(05:07 / All) fineX: leave plz
(05:14 / All) nonent: please to be leaving
(05:19 / All) fineX: u guys are the boss!!!
(05:30 / All) Funkster49: noice
(05:50 / All) nonent: you guys seem familiar
(05:59 / All) fineX: maybe we owned they sometime in past
(06:11 / All) fineX: cmon yellow
(06:12 / All) fineX: really
(06:13 / All) nonent: so innocent and noob
(06:16 / All) fineX: that huntress had so much to live for..
(06:31 / Allies) erz: anyone got gold spare
(06:32 / Allies) erz: !!
(06:40 / Allies) fineX: i neede
(06:58 / Allies) fineX: ur gonna die
(07:00 / Allies) fineX: b4 u kill that
(07:00 / Allies) erz: lets kill 10 more wisp
(07:02 / Allies) fineX: ok
(07:46 / All) nonent: hunt
(07:47 / All) nonent: a
(07:48 / All) nonent: fiend
(07:58 / Allies) fineX: who got wood
(08:16 / All) fineX: so gyus
(08:21 / All) fineX: who here like nigger
(08:29 / All) CrYpT.InS.aNe: ur mom
(08:39 / All) nonent: my moms here omg
(09:20 / Allies) nonent: thx finex
(09:42 / Allies) erz: shit i noob
(09:50 / Allies) nonent: yes
(09:53 / Allies) fineX: p much
(10:02 / Allies) erz: tt
(10:20 / Allies) fineX: dont buy my orb
(10:23 / Allies) nonent: k
(10:26 / Allies) fineX: k now u an
(10:49 / Allies) erz: hex big one
(11:02 / Allies) erz: ok
(11:16 / Allies) fineX: imune
(11:19 / Allies) erz: o u cant
(12:24 / Allies) nonent: gonna bat give me a sec
(14:09 / Allies) fineX: gold pls
(14:44 / Allies) nonent: wyrms lol
(14:48 / Allies) fineX: he got it
(15:03 / All) CrYpT.InS.aNe: TYUM
(15:04 / All) CrYpT.InS.aNe: TY
(15:11 / Allies) nonent: fuck
(15:14 / Allies) nonent: gj
(15:17 / All) fineX: NP
(15:49 / Allies) fineX: erz can u tower this
(15:52 / Allies) fineX: or this
(15:54 / Allies) fineX: rly im not picky
(15:57 / Allies) erz: later i got shit gold atm
(16:02 / Allies) fineX: kk
(16:45 / Allies) nonent: ill finish
(16:59 / Allies) nonent: urs
(17:20 / All) CrYpT.InS.aNe: NOOBS
(17:22 / Allies) fineX: fucking dk
(17:50 / Allies) nonent: lolz
(18:11 / Allies) nonent: shade
(18:14 / Allies) nonent: fuck
(18:17 / Allies) fineX: tp man
(18:18 / All) CrYpT.InS.aNe: SO PRO
(18:44 / Allies) fineX: that dk has insane item
(18:53 / Allies) nonent: wowowowo
(19:00 / Allies) nonent: i say ignore dk save him for last
(19:25 / Allies) nonent: nm lol
(19:30 / All) fineX: SO PRO
(19:41 / All) fineX: PROOOO
(19:47 / All) fineX: u didnt even kill the bat lmao
(19:54 / Allies) erz: lum
(20:11 / Allies) erz: finex dat
(20:32 / Allies) erz: gonna need more lum
(21:56 / Allies) fineX: archers
(22:03 / Allies) nonent: ya
(23:53 / Allies) fineX: mass bear......
(24:00 / Allies) erz: wait
(24:01 / Allies) erz: i kill archers
(24:02 / Allies) erz: can use bats
(24:06 / Allies) fineX: ok
(24:11 / Allies) erz: unless heroes come
(24:26 / Allies) nonent: hahaha
(24:45 / Allies) fineX: shit
(24:46 / Allies) fineX: 59 hp
(24:49 / Allies) erz: wowclose
(24:50 / Allies) nonent: good enough
(24:50 / All) CrYpT.InS.aNe: NOOBS
(24:54 / All) CrYpT.InS.aNe: DIDNT EVEN GET TREE
(25:01 / All) erz: manner plz
(25:05 / Allies) nonent: dont' really need leaver tree neways
(25:07 / All) CrYpT.InS.aNe: kiss my balls
(25:08 / All) CrYpT.InS.aNe: NAOW
(25:15 / All) erz: naow
(25:28 / Allies) erz: lum me and i tower another expo
(25:48 / Allies) fineX: whats grits
(26:17 / Allies) nonent: lol
(27:10 / Allies) fineX: aps
(27:35 / Allies) fineX: n0ice
(27:57 / Allies) fineX: nice
(28:38 / All) fineX: where ur expo go
(28:39 / All) fineX: ???????????????
(28:42 / All) fineX: invis hack?????
(29:24 / Allies) fineX: mass gruphs l;ol
(29:26 / Allies) nonent: lkolz
(29:26 / Allies) fineX: and it ded
(29:31 / Allies) fineX: he expo
(30:44 / All) fineX: keep making wyrms
(30:48 / All) fineX: gosu
(30:51 / All) fineX: !!!!!!!!
(30:55 / All) fineX: why u not talking anymore
(30:59 / All) fineX: Plz keep shittalking
(31:00 / All) fineX: i enjoyed it
(32:46 / Allies) erz: lum
(33:02 / Allies) nonent: lol
(33:05 / Allies) nonent: sending bats
(34:48 / Allies) nonent: thx
(34:58 / Allies) nonent: gaaay
(35:27 / Allies) nonent: nice one erz
(35:30 / Allies) nonent: with the tanks
(35:46 / Allies) fineX: ur ded
(37:27 / All) nonent: so how is this game going for you guys
(37:30 / All) Funkster49: boring
(37:32 / All) fineX: they PRO
(37:39 / All) Funkster49: i might wanna leave cuz i just dont care enough
(37:40 / All) Funkster49: lol
(37:45 / All) fineX: red is pro enough for 3
(37:47 / All) nonent: it's ok
(37:48 / All) Funkster49: zomggg
(37:55 / All) fineX: u can tel by the shittalk
(37:57 / All) fineX: and subsequent loss
(38:02 / Allies) fineX: wtf man
(38:02 / All) CrYpT.InS.aNe: NICE
(38:04 / Allies) nonent: what the fuckikkk
(38:04 / Allies) fineX: stop losing ur bm
(38:05 / All) CrYpT.InS.aNe: U SO PRO
(38:06 / Allies) fineX: to dumb shit
(38:09 / All) CrYpT.InS.aNe: DIDNT EVEN KILL WITH ULTI
(38:12 / All) CrYpT.InS.aNe: AND GAVE ME CHARM
(38:12 / All) CrYpT.InS.aNe: THX
(38:14 / Allies) fineX: seriously thats like fifth time
(38:18 / All) Funkster49: he does have a point
(38:19 / Allies) nonent: ok i'm just hitting buildings from now on
(38:21 / All) Funkster49: that kinda sucked blue
(38:21 / All) Funkster49: lol
(38:27 / All) fineX: that wasnt me
(38:32 / All) CrYpT.InS.aNe: purp the pro
(38:33 / All) Funkster49: or purp
(38:34 / All) Funkster49: k
(38:43 / Allies) fineX: seriously ur like the worst at bladestorms
(38:49 / Allies) nonent: yeah i pretty much am
(39:00 / Allies) fineX: heres the siege
(39:06 / Allies) fineX: help plz
(39:15 / All) Funkster49: nice
(41:13 / Allies) fineX: im getting casters
(41:17 / Allies) nonent: k
(42:13 / Allies) erz: u can expo there
(42:15 / Allies) fineX: ok
(42:20 / Allies) erz: but u gotta give me alot ofo gold when i go under upkeep!!
(42:22 / Allies) erz: like 8k or some shit
(42:23 / Allies) fineX: ok
(42:32 / Allies) erz: ok now
(42:33 / Allies) erz: give me golds
(42:34 / Allies) erz: and lum
(42:36 / Allies) erz: if u can
(42:42 / Allies) erz: thx
(42:50 / Allies) fineX: u r1ch now boi
(43:39 / Allies) fineX: they see it
(43:43 / Allies) fineX: nonent
(43:44 / Allies) fineX: go
(43:44 / Allies) erz: shrug alot of tower
(44:06 / Allies) fineX: i need 2 lose food neway
(45:16 / Allies) fineX: lol
(45:17 / Allies) fineX: nice
(47:06 / All) Funkster49: *yawn*
(47:16 / All) fineX: how much u got
(47:17 / All) fineX: i got 24k
(47:22 / All) Funkster49: ive got moar
(47:24 / All) Funkster49: lol
(47:27 / All) Funkster49: ive been doing all the mining
(47:28 / All) fineX: how much
(47:29 / All) nonent: hey u guys read 4chan
(47:30 / All) Funkster49: with just massing archers
(47:32 / All) Funkster49: lolol
(47:35 / All) fineX: i havent been amking anything
(47:37 / All) Funkster49: 35k
(47:38 / All) Funkster49: D
(47:40 / All) Funkster49: =D
(47:41 / All) fineX: that a lie
(47:42 / All) Funkster49: i expo'd early
(47:44 / All) Funkster49: k
(47:47 / All) Funkster49: look at at all ur towers
(47:48 / All) Funkster49: lmfao
(47:48 / All) fineX: each mine is 16k
(47:51 / All) fineX: uve emptied 2
(47:56 / All) fineX: 32k max
(47:58 / All) Funkster49: they gave me gold
(48:00 / All) Funkster49: silly.
(48:05 / All) Funkster49: rindin before he left was just feeding me
(48:08 / All) fineX: u a lair !!!!!!!
(48:11 / All) Funkster49: cuz its proto!
(48:13 / All) Funkster49: lmfao
(48:15 / All) Funkster49: k bro
(48:37 / All) fineX: uve spent at like 5k just making mains
(48:44 / All) Funkster49: k
(49:11 / Allies) fineX: brb
(49:14 / Allies) nonent: k
(50:19 / Allies) fineX: back
(50:22 / Allies) erz: give me a bunch of gold
(50:45 / Allies) erz: we should just kill ud heroes
(50:57 / Allies) nonent: hm good idea
(51:14 / Allies) nonent: once ur mk and pala come back
(51:17 / Allies) fineX: wtf iu upkeep
(51:17 / Allies) nonent: i'm down
(51:20 / Allies) erz: yeah
(51:22 / Allies) erz: kill lich
(51:23 / Allies) erz: first
(51:25 / Allies) erz: low hp
(51:27 / Allies) erz: then dr
(51:28 / Allies) erz: i guess
(51:31 / Allies) erz: dk too high hp
(52:02 / Allies) nonent: ya
(54:08 / Allies) fineX: shit
(54:19 / Allies) nonent: fuuuck
(54:43 / Allies) fineX: my expo gone
(54:45 / Allies) nonent: k
(54:50 / Allies) fineX: damn u almost got he
(54:59 / Allies) fineX: staff mk
(55:57 / Allies) fineX: wait for my heroes
(55:59 / Allies) fineX: and we all atk at once
(56:02 / Allies) nonent: k
(56:21 / Allies) fineX: ill hex dk
(56:22 / Allies) fineX: we kill lich
(56:23 / Allies) fineX: then dr
(56:26 / Allies) nonent: k
(56:27 / Allies) fineX: stun dk
(56:28 / Allies) fineX: we own them
(57:04 / Allies) fineX: ill bring bloodlust and purgers
(57:27 / All) fineX: leave plz
(57:32 / All) CrYpT.InS.aNe: no u
(57:34 / Allies) nonent: lol
(57:38 / All) fineX: stop treehide plz
(57:47 / All) CrYpT.InS.aNe: stop mh plz
(57:49 / All) Funkster49: ive got like
(57:51 / All) fineX: ok
(57:52 / All) Funkster49: 10 trees hiddin
(57:55 / All) Funkster49: it really wont do u any good
(58:23 / Allies) fineX: shit
(58:34 / Allies) fineX: heroes up?
(58:34 / Allies) nonent: we gon hit?
(58:36 / Allies) fineX: yes
(58:40 / Allies) nonent: k
(59:42 / Allies) fineX: eat thru..
(60:07 / Allies) nonent: not bad
(60:10 / Allies) nonent: he wont come back
(60:11 / Allies) fineX: u get he?
(60:16 / Allies) nonent: kotg
(60:19 / Allies) fineX: nice
(60:43 / Allies) nonent: im b
(60:57 / All) fineX: ur a liar
(60:59 / All) fineX: u aint got shit hiding
(61:06 / All) Funkster49: lol k
(61:07 / All) fineX: u would have tped to it
(61:12 / All) Funkster49: LOL
(61:13 / Allies) nonent: he did lol
(61:14 / All) Funkster49: why?
(61:15 / Allies) fineX: oh
(61:16 / Allies) fineX: lol
(61:19 / All) fineX: cuz u a gay nigger
(61:21 / Allies) nonent: potm is ok
(61:23 / All) fineX: and now ur ptom ded lol
(61:26 / Allies) erz: gold
(61:27 / All) Funkster49: not really
(61:33 / All) Funkster49: i could just take a tree out and rez him
(61:35 / Allies) fineX: make arcane bank plz
(61:42 / All) Funkster49: whats the point tho
(61:44 / All) Funkster49: hes food
(61:47 / All) fineX: ok
(61:49 / All) fineX: ua lie!!!!!!
(61:50 / All) Funkster49: lol
(61:53 / All) fineX: u have 35k
(61:55 / All) fineX: im sure u can afford it
(61:58 / All) Funkster49: UA LIE!!!!!!!
(62:07 / All) Funkster49: im glad u can proto pretty well
(62:11 / All) Funkster49: ill hand it to ya
(62:17 / All) Funkster49: i mean ive beaten kodos proto team
(62:20 / All) fineX: kodos
(62:22 / All) Funkster49: that was hard.
(62:22 / All) fineX: lol hes a noob
(62:35 / All) Funkster49: do you understand the definition of noob?
(62:37 / All) fineX: yes
(62:40 / All) fineX: Kodos forsaken is a noob
(62:43 / All) CrYpT.InS.aNe: takes some real skill to be a mass tower faggot
(62:47 / All) Funkster49: whats the definition
(62:50 / Allies) fineX: gogogog
(62:53 / All) Funkster49: out of curiosity
(62:56 / All) Funkster49: what do u think it means
(63:03 / All) fineX: newbie
(63:14 / All) Funkster49: define it with out using a conotation
(63:15 / All) Funkster49: moron
(63:22 / All) fineX: A NEW OR INEXPERIENCED PLAYER
(63:28 / All) fineX: OR SOMEONE WHO IS JUST TERRIBLE
(63:29 / All) fineX: lIKE U
(63:32 / All) Funkster49: do you think kodos in inexperianced?
(63:34 / All) Funkster49: no
(63:38 / All) Funkster49: terrible = a bad player.
(63:42 / All) fineX: hey
(63:44 / All) fineX: its not a real wor
(63:45 / All) fineX: d
(63:47 / All) fineX: definitions can change
(63:52 / All) Funkster49: newbie
(63:53 / All) Funkster49: is
(63:56 / All) Funkster49: its slang for that
(64:02 / All) Funkster49: therefore ur using it completely incorrectly
(64:06 / All) fineX: hey
(64:08 / All) fineX: its a amde up word
(64:10 / All) Funkster49: hey
(64:11 / All) fineX: I can use it how i liek
(64:12 / Allies) nonent: im iout
(64:16 / All) fineX: sotp trying to argue semantics
(64:18 / All) Funkster49: and spell how u 'liek' too
(64:19 / All) fineX: this isnt hgih school debate
(64:24 / All) Funkster49: ok ill 'sotp'
(64:53 / All) fineX: give ur gold to red
(64:55 / All) fineX: he needs it
(65:02 / All) Funkster49: matteers.
(65:04 / All) Funkster49: we lose
(65:09 / All) fineX: what is matteers
(65:15 / All) fineX: ?
(65:16 / All) Funkster49: stress on the ee
(65:24 / All) fineX: what is it
(65:24 / All) Funkster49: pronounce it
(65:25 / All) Funkster49: lol
(65:27 / All) fineX: im not familiar with the word
(65:30 / All) Funkster49: matteers
(65:31 / Allies) nonent: or too risky?
(65:32 / Allies) erz: gold me i make 50 gryphons
(65:36 / Allies) nonent: k
(65:40 / All) Funkster49: YOU DONT KNOW HOW TO READ SPOKEN WORDS?
(65:45 / Allies) erz: ok
(65:46 / All) Funkster49: my condolences.
(66:21 / Allies) nonent: oh shit he wasnt joking about level 6 charmer
(66:23 / Allies) fineX: kill altar
(66:38 / All) CrYpT.InS.aNe: O HAI
(67:41 / Allies) fineX: i mite just surround him in towers
(67:48 / Allies) nonent: nah fuck that
(67:54 / All) Funkster49: welp guys, im peacin
(67:57 / Allies) fineX: he got mah peon
(67:57 / All) nonent: bye
(68:00 / All) Funkster49: i gave all my gold to red
(68:05 / All) Funkster49: well done.. i guess
(68:07 / All) nonent: what gold lol
(68:15 / All) Funkster49: blue, you're still pathetic. lol.
(68:19 / All) fineX: u got owned
(68:22 / All) nonent: nice
(68:28 / All) CrYpT.InS.aNe: yea u fags suck too
(68:30 / All) nonent: i like how ur ally left like 5 minutes in.
(68:30 / All) CrYpT.InS.aNe: thats sad part